Map: Rozkwit ER

Players

DogTor

  • Race: Protoss Protoss
  • League: Diamond
  • Spawn Location: 3:00

Deathriser

  • Race: Zerg Zerg
  • Spawn Location: 12:00

Esharell

  • Race: Zerg Zerg
  • Spawn Location: 9:00

Legol

  • Race: Protoss Protoss
  • League: Gold
  • Spawn Location: 6:00

VOD

Have the link to the VOD?

Description

Time

  • Played on: Jan. 4, 2020, 5:48 p.m.
  • Length: 17:33
Show
View Real Time Build Order
Export as new Build Order

DogTor Protoss 

Build Orders: 1 Gate Expand, Oracle Opening, Carriers 

Get SALT Encoding   

  12  0:02  Probe  
  13  0:14  Probe  
  14  0:26  Probe  
  15  0:29  Pylon  
  15  0:47  Probe (Chrono Boost)  
  15  0:49  Gateway  
  16  0:51  Assimilator  
  16  0:59  Probe (Chrono Boost)  
  17  1:05  Probe (Chrono Boost)  
  18  1:13  Probe  
  19  1:25  Probe (Chrono Boost)  
  20  1:35  Nexus, Probe (Chrono Boost)  
  21  1:40  Assimilator  
  21  1:47  Cybernetics Core  
  21  1:53  Pylon  
  21  2:00  Assimilator  
  21  2:03  Probe  
  22  2:12  Pylon  
  22  2:15  Probe  
  23  2:31  Adept (Chrono Boost)  
  23  2:36  Warp Gate  
  25  2:44  Stargate  
  25  2:50  Probe x2  
  27  2:53  Adept (Chrono Boost)  
  27  2:57  Pylon  
  29  3:02  Probe x2  
  31  3:07  Shield Battery  
  31  3:15  Shield Battery  
  31  3:21  Stalker (Chrono Boost)  
  31  3:22  Probe  
  31  3:23  Probe  
  35  3:32  Oracle (Chrono Boost)  
  38  3:34  Probe (Chrono Boost)  
  38  3:40  Probe (Chrono Boost)  
  40  3:44  Probe (Chrono Boost)  
  42  3:48  Probe (Chrono Boost)  
  42  3:49  Probe (Chrono Boost)  
  43  3:59  Probe  
  43  4:01  Probe  
  45  4:02  Phoenix (Chrono Boost)  
  47  4:13  Probe  
  47  4:14  Probe  
  49  4:24  Phoenix (Chrono Boost)  
  47  4:35  Adept  
  49  4:46  Phoenix (Chrono Boost)  
  51  4:53  Gateway  
  51  4:56  Gateway  
  51  4:59  Probe  
  53  5:00  Probe  
  53  5:02  Assimilator  
  53  5:07  Assimilator  
  53  5:10  Pylon  
  53  5:12  Probe  
  53  5:13  Probe  
  52  5:24  Probe  
  52  5:25  Probe  
  52  5:27  Nexus  
  54  5:29  Pylon, Shield Battery  
  54  5:31  Pylon  
  54  5:32  Shield Battery  
  54  5:34  Assimilator  
  54  5:36  Probe  
  54  5:37  Probe  
  54  5:38  Phoenix (Chrono Boost), Assimilator  
  58  5:44  Pylon  
  58  5:48  Stargate  
  58  5:52  Forge  
  58  5:54  Phoenix (Chrono Boost)  
  60  6:13  Probe x2  
  62  6:25  Probe x2  
  64  6:30  Shield Battery  
  64  6:31  Phoenix  
  66  6:33  Shield Battery  
  66  6:36  Shield Battery  
  66  6:37  Probe x2  
  68  6:51  Void Ray (Chrono Boost)  
  72  6:55  Protoss Shields Level 1  
  72  6:56  Phoenix (Chrono Boost)  
  72  6:57  Fleet Beacon  
  74  7:17  Void Ray (Chrono Boost)  
  74  7:18  Pylon  
  78  7:23  Photon Cannon  
  78  7:24  Void Ray  
  78  7:25  Photon Cannon  
  78  7:28  Photon Cannon  
  82  7:38  Stargate, Protoss Air Weapons Level 1 (Chrono Boost)  
  82  7:40  Robotics Facility  
  82  7:53  Void Ray  
  86  8:00  Probe  
  86  8:01  Probe x2  
  89  8:07  Void Ray  
  93  8:13  Probe x3  
  96  8:25  Probe x2  
  98  8:29  Probe  
  98  8:30  Carrier (Chrono Boost)  
  105  8:37  Probe x2  
  107  8:42  Probe  
  108  9:05  Pylon x2  
  108  9:07  Pylon  
  106  9:10  Pylon  
  106  9:12  Twilight Council  
  104  9:20  Carrier x2 (Chrono Boost)  
  116  9:24  Carrier (Chrono Boost), Pylon  
  116  9:25  Photon Cannon  
  116  9:30  Shield Battery  
  122  9:52  Protoss Air Weapons Level 2  
  122  10:04  Nexus  
  122  10:07  Pylon  
  122  10:08  Pylon  
  116  10:14  Carrier x2 (Chrono Boost)  
  108  10:29  Carrier (Chrono Boost)  
  113  11:16  Carrier (Chrono Boost)  
  113  11:17  Carrier (Chrono Boost)  
  125  11:25  Void Ray  
  129  11:46  Pylon  
  129  11:48  Pylon  
  129  11:49  Pylon  
  129  11:51  Pylon  
  127  12:05  Void Ray (Chrono Boost)  
  131  12:17  Carrier x2 (Chrono Boost)  
  143  12:23  Probe (Chrono Boost)  
  144  12:30  Protoss Shields Level 2  
  144  12:33  Probe (Chrono Boost)  
  145  12:38  Probe (Chrono Boost)  
  145  12:40  Protoss Air Weapons Level 3 (Chrono Boost)  
  145  12:41  Carrier  
  152  12:49  Probe  
  153  13:01  Probe  
  154  13:07  Nexus  
  154  13:09  Assimilator  
  154  13:12  Assimilator  
  154  13:13  Probe  
  147  13:26  Probe  
  148  13:31  Probe x2  
  150  13:38  Probe (Chrono Boost)  
  151  13:43  Pylon, Assimilator  
  151  13:44  Assimilator  
  151  13:45  Pylon  
  151  13:50  Probe (Chrono Boost)  
  152  13:57  Probe (Chrono Boost)  
  152  13:59  Carrier (Chrono Boost)  
  152  14:01  Carrier (Chrono Boost)  
  165  14:04  Probe  
  166  14:16  Probe  
  167  14:29  Probe  
  167  14:30  Probe x3  
  171  14:32  Carrier (Chrono Boost)  
  177  14:42  Probe x4  
  177  14:44  Mothership  
  181  14:52  Templar Archives  
  181  14:54  Probe  
  190  15:00  Pylon  
  190  15:01  Pylon  
  190  15:08  Stargate  
  190  15:14  Pylon  
  190  15:25  Carrier  
  190  15:31  Nexus  
  190  15:32  Pylon  
  190  15:34  Pylon  
  196  15:37  Pylon  
  196  15:39  Assimilator  
  196  15:44  Assimilator  
  196  15:49  Void Ray  
  184  16:46  Void Ray  
  184  16:47  Void Ray x3  
Show
View Real Time Build Order
Export as new Build Order

Deathriser Zerg 

Build Orders: Hatch First 

Get SALT Encoding   

  12  0:02  Drone  
  13  0:13  Overlord  
  13  0:19  Drone  
  14  0:31  Drone x2  
  16  0:48  Drone x2  
  18  1:01  Hatchery  
  17  1:05  Drone, Extractor  
  17  1:13  Overlord  
  17  1:29  Spawning Pool  
  16  1:35  Drone x2  
  16  1:39  Drone  
  19  1:50  Drone  
  20  2:12  Overlord  
  20  2:17  Queen  
  20  2:19  Queen  
  20  2:21  Drone x2  
  26  2:36  Roach Warren  
  25  2:37  Metabolic Boost  
  25  2:39  Zergling x4  
  25  2:41  Zergling x2  
  28  2:45  Zergling x2  
  28  2:49  Drone  
  30  2:51  Drone  
  31  3:10  Drone x4  
  35  3:25  Roach  
  37  3:28  Roach  
  39  3:36  Spore Crawler  
  39  3:41  Roach x2  
  42  3:43  Hatchery, Roach  
  43  4:23  Drone, Overlord x2  
  43  4:24  Overlord x3  
  44  4:32  Lair  
  44  4:58  Roach x9  
  62  5:05  Queen  
  64  5:11  Drone x3  
  67  5:14  Drone  
  67  5:16  Drone  
  69  5:23  Overlord  
  69  5:25  Overlord  
  69  5:31  Drone  
  69  5:32  Drone  
  69  5:33  Drone  
  72  5:36  Drone  
  72  5:38  Glial Reconstitution  
  72  5:41  Queen  
  73  6:15  Roach x4  
  81  6:24  Extractor  
  80  6:27  Extractor x2  
  80  6:28  Drone x4  
  80  6:29  Drone  
  80  6:30  Drone  
  80  6:31  Drone x3  
  87  7:02  Evolution Chamber  
  87  7:05  Evolution Chamber  
  85  7:09  Infestation Pit  
  85  7:10  Drone x4  
  85  7:13  Drone x6  
  94  7:24  Overlord  
  94  7:25  Overlord x5  
  94  7:27  Roach  
  94  7:28  Roach  
  98  7:42  Queen  
  100  7:50  Zerg Missile Weapons Level 1  
  100  7:51  Zerg Ground Armor Level 1  
  100  7:55  Drone x5  
  100  7:56  Drone x7  
  100  7:57  Drone x4  
  116  8:01  Extractor x2  
  110  8:17  Roach  
  110  8:18  Roach x6  
  94  8:53  Roach x9  
  94  8:54  Roach x3  
  86  9:46  Roach x6  
  94  10:24  Roach  
  94  10:25  Roach x5  
  106  10:44  Zergling x4  
  108  10:56  Ravager x4  
  108  10:57  Ravager x8  
  115  11:04  Zergling x12  
  115  11:05  Zergling x8  
  59  12:04  Zergling x16  
  67  12:09  Queen  
  71  12:19  Zerg Ground Armor Level 2, Zerg Melee Weapons Level 1  
  71  12:28  Pathogen Glands  
  71  12:30  Infestor x2  
  71  12:31  Infestor x2  
  77  12:40  Burrow  
  77  12:45  Queen  
  77  12:49  Infestor x2  
  83  13:01  Overlord x3  
  83  13:21  Queen  
  83  13:23  Hatchery  
  84  13:51  Queen  
  86  14:27  Drone  
  86  14:28  Drone x7  
  86  14:29  Drone x4  
  98  14:45  Extractor  
  97  14:48  Extractor  
  96  15:07  Infestor x6, Queen  
  96  15:13  Roach x2  
  96  15:14  Roach x13  
  128  15:42  Queen  
  128  15:46  Neural Parasite  
  131  15:57  Ravager x6  
  131  15:58  Ravager x2  
  138  16:21  Hatchery  
Show
View Real Time Build Order
Export as new Build Order

Esharell Zerg 

Build Orders: Pool First 

Get SALT Encoding   

  12  0:01  Drone  
  13  0:12  Overlord  
  13  0:22  Drone  
  14  0:32  Drone x2  
  16  0:36  Drone  
  17  0:46  Drone  
  18  0:51  Spawning Pool  
  17  1:00  Extractor  
  17  1:02  Drone  
  17  1:24  Hatchery  
  16  1:28  Drone x3  
  19  1:38  Queen  
  21  1:40  Drone  
  22  2:06  Overlord  
  22  2:07  Overlord  
  22  2:15  Metabolic Boost  
  22  2:24  Queen  
  24  2:30  Zergling x2  
  24  2:33  Zergling x2  
  26  2:38  Queen  
  26  2:39  Drone x2  
  30  2:51  Drone  
  30  2:52  Drone x4  
  35  3:00  Pneumatized Carapace  
  35  3:05  Drone x2  
  37  3:17  Drone x2  
  37  3:19  Overlord  
  39  3:24  Zergling x2  
  40  3:30  Drone  
  41  3:42  Drone x2  
  41  3:43  Drone x2  
  45  3:57  Zergling x2  
  45  3:58  Zergling x8  
  49  4:08  Baneling Nest  
  47  4:31  Lair  
  47  4:43  Zergling x2  
  47  4:44  Zergling x6  
  46  5:03  Roach Warren  
  45  5:19  Overlord x4  
  45  5:39  Hatchery  
  44  5:43  Roach x3  
  44  5:44  Roach x3  
  55  6:01  Zergling x8  
  59  6:13  Queen  
  59  6:15  Drone  
  59  6:16  Drone x2  
  59  6:17  Extractor  
  63  6:19  Drone x3  
  63  6:20  Extractor  
  63  6:23  Extractor  
  64  6:26  Overlord  
  61  6:53  Drone x3  
  64  7:00  Spire  
  63  7:08  Spore Crawler  
  62  7:10  Overseer  
  62  7:21  Roach x5  
  62  7:22  Roach x7  
  86  7:34  Baneling x6  
  86  7:38  Zergling x6  
  87  7:51  Overlord x5  
  68  8:18  Zergling x4  
  68  8:19  Zergling x4, Roach  
  81  8:20  Roach x7  
  81  8:26  Roach x3  
  77  8:33  Zergling x4  
  54  8:50  Roach x2  
  54  8:51  Roach x2  
  54  8:54  Queen  
  62  8:56  Queen  
  62  8:57  Queen  
  62  8:58  Drone  
  62  8:59  Drone x2  
  64  9:13  Roach  
  64  9:14  Roach x3  
  71  9:22  Roach x2  
  67  9:29  Hydralisk Den  
  67  9:30  Roach x3  
  62  9:47  Roach x5  
  62  9:49  Overlord  
  72  9:56  Ravager x3  
  75  10:01  Drone x3  
  68  10:23  Roach  
  68  10:24  Roach x9  
  88  10:37  Overlord x3  
  88  10:41  Drone x2  
  90  10:47  Overlord  
  90  10:59  Roach x3  
  73  11:20  Hydralisk  
  73  11:21  Hydralisk x3  
  61  11:27  Zergling x2  
  61  11:31  Zergling x2  
  61  11:32  Zergling x2  
  60  11:41  Hydralisk  
  62  11:59  Hydralisk x2  
  62  12:00  Hydralisk  
  68  12:02  Overseer  
  68  12:05  Drone  
  69  12:15  Drone x3  
  72  12:25  Hydralisk  
  72  12:28  Drone x2  
  76  12:33  Drone  
  76  12:36  Drone x2  
  79  12:42  Grooved Spines  
  79  12:55  Drone  
  79  12:56  Drone x4  
  84  13:11  Drone x3  
  87  13:18  Corruptor  
  87  13:19  Corruptor x2  
  93  13:23  Drone  
  94  13:37  Hatchery  
  94  13:39  Overlord x2  
  93  13:57  Infestation Pit  
  92  14:12  Corruptor  
  92  14:13  Corruptor x5  
  104  14:18  Corruptor  
  106  14:36  Corruptor x4  
  114  14:44  Hive  
  114  14:49  Drone x2  
  114  14:50  Drone  
  114  14:51  Extractor x2  
  115  15:04  Corruptor x3  
  121  15:11  Drone x3  
  121  15:13  Drone  
  125  15:15  Drone  
  125  15:16  Drone  
  125  15:29  Corruptor x2  
  125  15:31  Queen  
  125  15:33  Drone  
  132  15:37  Overlord  
  132  15:44  Corruptor  
  132  15:46  Overlord  
  134  16:09  Greater Spire  
  134  16:12  Corruptor x3  
  140  16:38  Corruptor, Infestor  
  140  16:39  Corruptor  
  71  16:59  Corruptor x3  
Show
View Real Time Build Order
Export as new Build Order

Legol Protoss 

Build Orders:  

Get SALT Encoding   

  12  0:01  Probe  
  13  0:13  Probe  
  14  0:19  Pylon  
  14  0:25  Probe  
  15  0:37  Probe  
  15  0:40  Gateway  
  16  0:49  Probe (Chrono Boost), Assimilator  
  17  0:59  Probe (Chrono Boost)  
  17  1:04  Probe (Chrono Boost)  
  19  1:16  Probe  
  19  1:18  Pylon  
  20  1:31  Cybernetics Core  
  20  1:36  Probe (Chrono Boost)  
  21  1:45  Probe (Chrono Boost)  
  22  1:50  Probe (Chrono Boost)  
  23  2:00  Gateway  
  23  2:02  Probe  
  24  2:09  Stalker (Chrono Boost)  
  24  2:12  Warp Gate  
  24  2:14  Probe  
  27  2:28  Probe  
  28  2:33  Pylon  
  28  2:40  Probe  
  28  2:43  Nexus  
  29  2:52  Stalker  
  29  2:53  Stalker  
  33  3:01  Probe  
  34  3:13  Probe  
  35  3:23  Assimilator  
  35  3:25  Probe  
  36  3:36  Stalker  
  36  3:38  Probe  
  36  3:41  Pylon  
  39  3:54  Stalker  
  39  3:55  Probe  
  42  4:12  Probe x2  
  44  4:23  Stalker  
  44  4:24  Probe x2  
  46  4:36  Probe x2  
  46  4:37  Assimilator  
  48  4:41  Assimilator  
  48  4:45  Stalker  
  48  4:52  Probe x2 (Chrono Boost)  
  52  4:58  Forge  
  52  5:04  Probe (Chrono Boost)  
  52  5:05  Probe (Chrono Boost)  
  54  5:09  Twilight Council  
  54  5:13  Probe x2 (Chrono Boost)  
  51  5:18  Stalker x2  
  57  5:24  Probe  
  57  5:25  Protoss Ground Weapons Level 1 (Chrono Boost)  
  58  5:29  Gateway  
  58  5:30  Gateway  
  58  5:31  Pylon  
  58  5:35  Pylon, Blink (Chrono Boost)  
  58  5:40  Probe (Chrono Boost)  
  60  5:46  Probe (Chrono Boost)  
  61  5:50  Probe (Chrono Boost)  
  61  5:52  Stalker  
  61  5:53  Stalker  
  61  5:54  Probe (Chrono Boost)  
  66  5:58  Photon Cannon  
  66  6:03  Photon Cannon  
  66  6:07  Pylon  
  66  6:08  Probe  
  66  6:10  Pylon  
  67  6:20  Robotics Facility  
  67  6:34  Photon Cannon  
  67  6:35  Stalker  
  67  6:36  Stalker  
  67  6:38  Photon Cannon  
  68  6:45  Probe  
  69  6:50  Stalker x2  
  73  6:57  Probe  
  74  7:06  Gateway  
  74  7:09  Probe, Gateway, Observer (Chrono Boost)  
  76  7:16  Stalker x2  
  76  7:17  Stalker  
  76  7:21  Probe  
  83  7:23  Warp Prism (Chrono Boost)  
  85  7:33  Stalker  
  87  7:40  Sentry x3  
  92  8:03  Stalker  
  94  8:14  Pylon  
  94  8:16  Pylon  
  94  8:18  Pylon  
  94  8:19  Pylon  
  94  8:27  Nexus  
  94  8:35  Stalker x2  
  94  8:36  Stalker x4  
  102  9:04  Stalker  
  102  9:05  Stalker x5  
  114  9:26  Gateway  
  114  9:28  Stalker x2, Gateway  
  114  9:29  Stalker  
  120  9:56  Stalker  
  120  9:57  Stalker x5  
  124  10:23  Stalker x2  
  124  10:24  Stalker x6  
  138  10:34  Pylon  
  138  10:35  Pylon  
  138  11:10  Stalker  
  138  11:11  Stalker x4  
  142  11:12  Stalker x2  
  122  11:39  Stalker x6  
  130  11:40  Stalker  
  96  12:03  Stalker x4  
  102  12:13  Probe x3  
  105  12:24  Assimilator  
  105  12:25  Probe x2  
  105  12:27  Pylon  
  105  12:28  Assimilator  
  107  12:35  Protoss Ground Weapons Level 2 (Chrono Boost)  
  107  12:36  Stalker x2  
  107  12:37  Stalker  
  113  12:48  Templar Archives  
  113  13:08  Probe (Chrono Boost)  
  116  13:13  Probe (Chrono Boost)  
  116  13:14  Probe (Chrono Boost)  
  116  13:18  Probe (Chrono Boost)  
  114  13:21  Probe (Chrono Boost)  
  114  13:22  Probe x2 (Chrono Boost)  
  119  13:34  Probe (Chrono Boost)  
  119  13:35  Probe x2 (Chrono Boost)  
  120  13:45  Probe (Chrono Boost), Forge  
  123  13:48  Probe x2 (Chrono Boost)  
  123  13:51  Zealot  
  123  13:52  Zealot x5  
  123  13:53  Zealot x2  
  123  14:18  Protoss Ground Armor Level 1 (Chrono Boost)  
  123  14:21  High Templar x3  
  123  14:22  High Templar x5  
  139  14:26  Archon x4  
  139  14:33  Gateway  
  139  14:37  Gateway  
  139  14:39  Pylon  
  139  14:40  Pylon  
  139  14:55  High Templar x2  
  139  14:56  High Templar x6  
  139  14:59  Archon  
  155  15:00  Archon x3  
  155  15:17  Nexus  
  155  15:18  Pylon  
  155  15:22  Assimilator  
  155  15:27  Assimilator  
  155  15:31  Pylon  
  155  15:33  Stalker  
  155  15:34  Stalker x6  
  169  15:57  High Templar x3  
  169  15:58  High Templar x3  
  169  16:01  Archon x2  
  169  16:02  Archon  
  73  16:54  High Templar  
  73  16:55  High Templar x5  
  73  16:58  Archon  
  73  16:59  Archon x2  
  75  17:14  Zealot x4  
Tags
 
Add a new tag
Caveats
  • Supply blocks, unpowered buildings, or Contaminate may cause inaccurate times.
  • Supply counts are checked every 10 seconds.